 Dungeon Crawl Stone Soup version 0.29-a0-997-gf6f7e2dfe7 (webtiles) character file.

Game seed: 14234548484864789703

506 ipx the Trooper (level 7, -4/64 HPs)
             Began as a Hill Orc Monk on Aug 4, 2022.
             Was an Initiate of Yredelemnul.
             Slain by a sky beast (6 damage)
             ... on level 6 of the Dungeon.
             The game lasted 00:30:39 (2205 turns).

ipx the Trooper (Hill Orc Monk)                     Turns: 2205, Time: 00:30:40

Health: -4/64      AC:  6    Str: 14    XL:     7   Next: 18%
Magic:  7/7        EV: 10    Int: 18    God:    Yredelemnul [......]
Gold:   65         SH:  8    Dex: 13    Spells: 6/6 levels left

rFire   . . .      SeeInvis .   b - +0 war axe
rCold   . . .      Faith    .   c - +0 buckler
rNeg    . . .      Spirit   .   l - +0 ring mail
rPois   .          Reflect  +   (no helmet)
rElec   .          Harm     .   j - +0 cloak
rCorr   .          Rampage  .   (no gloves)
Will    .....                   (no boots)
Stlth   +.........              X - amulet of reflection
HPRegen 0.20/turn               I - +6 ring of intelligence
MPRegen 0.10/turn               (no ring)

@: no status effects
A: no striking features
a: Renounce Religion, Recall Undead Harvest


You were on level 6 of the Dungeon.
You worshipped Yredelemnul.
Yredelemnul was noncommittal.
You visited 2 branches of the dungeon, and saw 7 of its levels.

You collected 273 gold pieces.
You spent 208 gold pieces at shops.

Inventory:

Hand Weapons
 a - a +1 dagger of electrocution
 b - a +0 war axe (weapon)
Armour
 c - a +0 buckler (worn)
 j - a +0 cloak (worn)
 l - a +0 ring mail (worn)
Jewellery
 d - a ring of fire
 e - a ring of positive energy
 I - a +6 ring of intelligence (left hand)
 X - an amulet of reflection (around neck)
Wands
 v - a wand of iceblast (10)
Scrolls
 m - a scroll of immolation {unknown}
 p - a scroll of vulnerability {unknown}
 s - 3 scrolls of teleportation
 u - a scroll of fog {unknown}
Potions
 g - 3 potions of berserk rage {unknown}
 h - a potion of might
 i - a potion of brilliance {unknown}
 k - a potion of flight
 n - a potion of heal wounds {unknown}
 o - a potion of attraction {unknown}
 q - a potion of resistance {unknown}
 r - a potion of lignification {unknown}
 t - a potion of mutation {unknown}


   Skills:
 + Level 6.9 Fighting
 + Level 4.2 Short Blades
 - Level 5.3 Axes
 - Level 2.4 Dodging
 - Level 1.5 Stealth
 + Level 0.0 Shields
 + Level 1.0 Evocations


You had 6 spell levels left.
You didn't know any spells.
Your spell library contained the following spells:

 Spells                   Type           Power      Damage    Failure   Level
 Magic Dart               Conj           0%         1d3       54%         1
 Searing Ray              Conj           0%         2d4       67%         2
 Sublimation of Blood     Necr           0%         N/A       67%         2
 Summon Guardian Golem    Hex/Summ       0%         N/A       88%         3
 Fulminant Prism          Conj/Hex       0%         3d6       99%         4
 Petrify                  Tmut/Erth      0%         N/A       99%         4
 Irradiate                Conj/Tmut      0%         3d11      100%        5
 Haunt                    Necr/Summ      0%         N/A       100%        7
 Orb of Destruction       Conj           0%         9d5       100%        7
 Spellforged Servitor     Conj/Summ      0%         N/A       100%        7
 Infestation              Necr           0%         N/A       100%        8
 Animate Dead             Necr           Unusable   N/A       N/A         4

Dungeon Overview and Level Annotations

Branches:
Dungeon (6/15)             Temple (1/1) D:4

Altars:
Dithmenos
Fedhas
Gozag
Hepliaklqana
Makhleb
Nemelex Xobeh
Okawaru
Qazlal
Ru
Sif Muna
Trog
Uskayaw
Wu Jian
Xom
Yredelemnul
The Shining One

Shops:
D:1 *?:?   D:4 (   D:6 *


Message History

c - a +0 buckler Thank you for shopping at Icimapov's Assorted Antiques!
You can access your shopping list by pressing '$'.
You start putting on your armour.
You continue putting on your +0 buckler. x4
You finish putting on your +0 buckler.
Found a chain mail.
Found a robe.
A sky beast comes into view.
Found a falchion.
Your +1 dagger of electrocution stops crackling.
b - a +0 war axe (weapon)
The sky beast flickers out of sight!
Deactivating autopickup; reactivate with Ctrl-A.
You barely miss something. Something hits you but does no damage.
You barely miss something.
A sky beast appears from thin air!
Reactivating autopickup.
You block the sky beast's attack. The sky beast hits you.
The sky beast shocks you.
You closely miss the sky beast.
Your ogre zombie misses the sky beast.
The sky beast hits you. The sky beast shocks you.
You barely miss the sky beast. You block the sky beast's attack.
Your ogre zombie hits the sky beast!
You barely miss the sky beast.
The sky beast is moderately wounded.
The sky beast flickers out of sight!
Deactivating autopickup; reactivate with Ctrl-A.
Something hits you. Something shocks you.
* * * LOW HITPOINT WARNING * * *
You slash something! You block something's attack.
You miss something. Something hits you.
* * * LOW HITPOINT WARNING * * *
Something shocks you.
* * * LOW HITPOINT WARNING * * *
Something hits you but does no damage. Something hits you.
* * * LOW HITPOINT WARNING * * *
Something shocks you.
You die...
Your body rises from the dead as a mindless zombie.

.##..###.#######
.......................
##...##..#............
. #....8...............
..##..8.8..............
.....8...8.............
..#.8..∩..8..........).
#..8...8.....Z.~.....
#...8.8......@{......
#....8........~......
#..................#...
##.......###.......# .
.........# #.......#
.........# #.......#
.........# #.........
##.......# #.........
#........ .....##..


You could see a friendly ogre zombie.

Vanquished Creatures
  2 ogres
  2 phantoms (D:5)
  A scorpion (D:5)
  An iguana (D:4)
  5 adders
  2 worms (D:2)
  A dart slug (D:5)
  An orc (D:4)
  4 endoplasms
  6 giant cockroaches
  6 goblins
  2 hobgoblins (D:1)
  3 jackals (D:3)
  6 quokkas
  6 ball pythons
  A bat (D:2)
  3 frilled lizards (D:1)
  5 kobolds
  3 rats
60 creatures vanquished.

Vanquished Creatures (collateral kills)
  A quokka (D:5)
1 creature vanquished.

Vanquished Creatures (others)
  2 adder zombies
2 creatures vanquished.

Grand Total: 63 creatures vanquished

Notes
Turn   | Place    | Note
-------+----------+-------------------------------------------
     0 | D:1      | ipx the Hill Orc Monk began the quest for the Orb.
     0 | D:1      | Reached XP level 1. HP: 19/19 MP: 1/1
    30 | D:1      | Found Arhuv's Magic Scroll Emporium.
    48 | D:1      | Found Zagi's Book Shop.
   148 | D:1      | Found a faded altar of an unknown god.
   200 | D:1      | Reached XP level 2. HP: 10/26 MP: 2/2
   302 | D:1      | Found Ufaoxoyst's Assorted Antiques.
   305 | D:1      | Bought a fuming sapphire potion for 22 gold pieces
   305 | D:1      | Bought a cyan potion for 22 gold pieces
   371 | D:1      | Reached skill level 5 in Axes
   630 | D:2      | Reached XP level 3. HP: 28/33 MP: 3/3
   675 | D:2      | Reached skill level 4 in Fighting
   675 | D:2      | Reached skill level 1 in Short Blades
   721 | D:1      | Found Wurywuat's Magic Scroll Boutique.
   726 | D:1      | Bought a scroll of identify for 28 gold pieces
   753 | D:1      | Bought a scroll of identify for 28 gold pieces
   771 | D:2      | Reached XP level 4. HP: 16/40 MP: 4/4
  1238 | D:4      | Found Feash's Weapon Boutique.
  1298 | D:4      | Found a staircase to the Ecumenical Temple.
  1304 | Temple   | Entered the Ecumenical Temple
  1304 | Temple   | Found a transporter.
  1304 | Temple   | Found a transporter.
  1306 | Temple   | Found a transporter.
  1306 | Temple   | Found a transporter.
  1335 | Temple   | Became a worshipper of Yredelemnul the Dark
  1335 | Temple   | Reached * piety under Yredelemnul
  1335 | Temple   | Reached ** piety under Yredelemnul
  1518 | D:4      | Found a shimmering altar of Xom.
  1558 | D:5      | Entered Level 5 of the Dungeon
  1683 | D:5      | Noticed an ogre
  1697 | D:5      | Killed an ogre
  1698 | D:5      | Reached skill level 5 in Fighting
  1698 | D:5      | Reached XP level 5. HP: 24/48 MP: 5/5
  1849 | D:5      | Noticed an ogre
  1906 | D:4      | Found an opulent altar of Gozag.
  1971 | D:5      | Reached XP level 6. HP: 32/57 MP: 6/6
  2019 | D:5      | Reached skill level 6 in Fighting
  2124 | D:6      | Found a sparkling altar of Nemelex Xobeh.
  2124 | D:6      | Found a shimmering blue altar of Sif Muna.
  2124 | D:6      | Found a sacrificial altar of Ru.
  2165 | D:6      | Reached skill level 1 in Evocations
  2165 | D:6      | Reached XP level 7. HP: 31/64 MP: 7/7
  2173 | D:6      | Found Icimapov's Assorted Antiques.
  2181 | D:6      | Bought a buckler for 108 gold pieces
  2205 | D:6      | HP: 2/64 [something (3)]
  2205 | D:6      | Slain by a sky beast

Illustrated notes

Levels and vault maps discovered:
D:1:      mrwooster_arrival_statue_3, layout_loops_ring, serial_shops, shop,
          nicolae_shop_window_shopping, nicolae_shop_hallway_stairs,
          nicolae_shop_crystal, nicolae_shop_statue_plus,
          dreamdust_ecumenical_altar_angels_and_demons
D:2:      layout_loops_ring, corner_web_ring, serial_bayou_lagoon_a
D:3:      layout_loops_cross
D:4:      layout_basic, nicolae_gozag_cash_rules_everything_around_me,
          nicolae_overflow_squiral, minmay_temple_entry_hall, serial_shops,
          shop, nrook_campfire
D:5:      layout_basic
D:6:      layout_basic, mainiacjoe_overflow_small_starburst,
          grunt_temple_overflow_open, serial_shops, nicolae_diamond_shop,
          uniq_grinder
Temple:   hellmonk_temple_divided_pantheon

Skill      XL: |  1  2  3  4  5  6 |
---------------+-------------------+-----
Axes           | 5 |  5.3
Fighting       | 4 5 6 |  6.9
Short Blades   | 1 2 3 4 |  4.2
Evocations     | 1 |  1.0
Dodging        | |  2.4
Stealth        | |  1.5

Action                   |  1- 3 |  4- 6 |  7- 9 || total
-------------------------+-------+-------+-------++-------
Melee: Hand axe          |    51 |       |       ||    51
       Dagger            |    27 |   179 |       ||   206
       Punch             |       |     2 |       ||     2
       War axe           |       |       |     7 ||     7
  Use: Scroll            |     3 |     1 |       ||     4
       Potion            |     1 |     3 |       ||     4
 Stab: Sleeping          |     4 |       |       ||     4
Armor: Robe              |     8 |       |       ||     8
       Ring mail         |     2 |    32 |     2 ||    36
Dodge: Dodged            |    38 |    66 |       ||   104
Block: Other             |       |    21 |       ||    21
       Buckler           |       |       |     3 ||     3

Table legend: (Time is in decaauts)
 A = Elapsed time spent in this place.
 B = Non-inter-level travel time spent in this place.
 C = Inter-level travel time spent in this place.
 D = Time resting spent in this place.
 E = Time spent auto-exploring this place.
 F = Levels seen in this place.
 G = Mean time per level.
                   A        B        C        D        E       F      G
               +--------+--------+--------+--------+--------+-----+--------+
         Total |   2230 |   2213 |     17 |      0 |      0 |   7 |  318.6 |
       Dungeon |   2181 |   2164 |     17 |      0 |      0 |   6 |  363.5 |
        Temple |     48 |     48 |      0 |      0 |      0 |   1 |   48.0 |
               +--------+--------+--------+--------+--------+-----+--------+

Top non-repeatable levels by time:
     D:1: 486 daAuts
     D:2: 472 daAuts
     D:4: 461 daAuts
     D:5: 446 daAuts
     D:3: 236 daAuts
     D:6: 78 daAuts
  Temple: 48 daAuts
